 Dungeon Crawl Stone Soup version 0.22-a0-48-g8770677 (webtiles) character file.

70 KristoblXynda the Slasher (level 4, 0/39 HPs)
             Began as a Naga Gladiator on Jan 7, 2018.
             Slain by Jessica (5 damage)
             ... on level 1 of the Dungeon.
             The game lasted 00:02:13 (1966 turns).

KristoblXynda the Slasher (Naga Gladiator)          Turns: 1966, Time: 00:02:14

Health: 0/39       AC:  4    Str: 16    XL:     4   Next: 22%
Magic:  3/4        EV: 10    Int:  9    God:
Gold:   58         SH:  0    Dex: 13    Spells: 3/3 levels left

rFire    . . .     SeeInvis +   a - +0 long sword
rCold    . . .     Gourm    .   (no shield)
rNeg     . . .     Faith    .   b - +1 leather armour
rPois    +         Spirit   .   c - +0 helmet
rElec    .         Reflect  .   (no cloak)
rCorr    .         Harm     .   (no gloves)
MR       .....                  (no barding)
Stlth    +.........             (no amulet)
HPRegen  0.13/turn              (no ring)
MPRegen  0.09/turn              (no ring)

@: short of breath, very slow
A: large, see invisible, deformed body, poison resistance, slowness 2, slow
metabolism 1, spit poison 1, AC +1
a: Spit Poison


You were on level 1 of the Dungeon.
You were not hungry.

You visited 1 branch of the dungeon, and saw 2 of its levels.

You collected 58 gold pieces.

Inventory:

Hand Weapons
 a - a +0 long sword (weapon)
Missiles
 d - 3 throwing nets (quivered)
Armour
 b - a +1 leather armour (worn)
 c - a +0 helmet (worn)
Comestibles
 f - 2 rations
 h - 2 chunks of flesh


   Skills:
 - Level 2.0 Fighting
 + Level 3.7 Long Blades
 + Level 2.6 Throwing
 + Level 3.0 Dodging


You had 3 spell levels left.
You didn't know any spells.

Dungeon Overview and Level Annotations

Branches:
Dungeon (2/15)

Altars:
Gozag

Annotations:
D:1 Jessica
D:2 Sigmund


Innate Abilities, Weirdness & Mutations

You cannot wear boots.
Your serpentine skin is tough. (AC +1)
You have supernaturally acute eyesight. (SInv)
Armour fits poorly on your strangely shaped body.
Your system is resistant to poisons. (rPois)
You cover ground very slowly.
You have a slow metabolism.
You can spit poison.


Message History

* * * LOW HITPOINT WARNING * * *
A goblin comes into view. It is wielding a dagger.
The goblin shouts!
You open the door. The hobgoblin hits you.
* * * LOW HITPOINT WARNING * * *
Sigmund hits you but does no damage. Jessica hits you.
* * * LOW HITPOINT WARNING * * *
The hobgoblin hits you but does no damage.
There is an open door here.
Jessica shouts, "Stop bothering me, or I'll kill you!"
There is an escape hatch in the ceiling here.
Jessica gestures wildly while chanting.
Jessica seems to speed up.
A mysterious force pulls you upwards. The hatch slams shut behind you.
Press: ? - help, Shift-Dir - straight line The splash of poison hits Jessica.
Jessica is lightly wounded.
You feel slightly more hungry. Jessica hits you.
You die...

#.............
#.#########...
##########.##...#......
####...........'...#.##...
#...........#.##...#......
#.###.........##...#.#####
#.# #.........####.#......
#.# #.........# #.#.#.#..
#.# ##..@@..#.####.#...#.#
##.#########...>....)......
#..............)###.#...#..
########......#.###.#......
#......#............
#......#.###.#######
#......#.# #.#......
#......#.###.#......
#......#.....#......


You could see Jessica.

Vanquished Creatures
  An adder (D:2)
  An ooze (D:1)
  4 dart slugs (D:1)
  3 leopard geckos (D:1)
  4 giant cockroaches
  7 goblins
  4 hobgoblins
  4 kobolds
  A quokka (D:2)
  5 bats (D:1)
  5 frilled lizards
  3 rats (D:1)
42 creatures vanquished.

Notes
Turn   | Place    | Note
-------+----------+-------------------------------------------
     0 | D:1      | KristoblXynda the Naga Gladiator began the quest for the Orb.
     0 | D:1      | Reached XP level 1. HP: 19/19 MP: 1/1
    40 | D:1      | Reached XP level 2. HP: 3/26 MP: 2/2
   701 | D:1      | Reached XP level 3. HP: 32/32 MP: 3/3
  1607 | D:2      | Found an opulent altar of Gozag.
  1805 | D:2      | Reached XP level 4. HP: 39/39 MP: 4/4
  1939 | D:2      | Noticed Sigmund
  1941 | D:2      | Noticed Jessica
  1966 | D:1      | Slain by Jessica

Vault maps used:
D:1:      dpeg_arrival_three_same_balls
D:2:      nicolae_tso_swordbearing_angel,
          nicolae_gozag_cash_rules_everything_around_me, old_standard_altar,
          uniq_jessica, uniq_sigmund

Skill      XL: |  1  2  3 |
---------------+----------+-----
Throwing       | 2 |  2.6
Dodging        | 3 |  3.0
Fighting       | |  2.0
Long Blades    | |  3.7

Action                   |  1- 3 |  4- 6 || total
-------------------------+-------+-------++-------
Melee: Long sword        |    85 |    13 ||    98
 Abil: Spit Poison       |     4 |     1 ||     5
  Use: Scroll            |       |     3 ||     3
       Potion            |       |     2 ||     2
 Stab: Distracted        |     1 |       ||     1
  Eat: Chunk             |     2 |       ||     2
Armor: Leather armour    |    31 |     7 ||    38
Dodge: Dodged            |    61 |    15 ||    76
       Rpst.: Long sword |    19 |     4 ||    23

Table legend:
 A = Spawn XP
 B = Non-spawn XP
 C = Spawn XP percentage of total XP
 D = Spawn monster count
 E = Non-spawn monster count
 F = Spawn count percentage of total count
 G = Total turns spent on level
                    A         B        C        D         E        F      G
               +---------+---------+-------+---------+---------+-------+---------
         Total |       0 |     101 |   0.0 |       0 |      42 |   0.0 |  1966
               +---------+---------+-------+---------+---------+-------+---------
           D:1 |       0 |      74 |   0.0 |       0 |      34 |   0.0 |  1572
           D:2 |       0 |      27 |   0.0 |       0 |       8 |   0.0 |   394
               +---------+---------+-------+---------+---------+-------+---------
